 Dungeon Crawl Stone Soup version 0.21.1-1-g345015f (webtiles) character file.

6634 Madao the Fighter (level 10, -6/102 HPs)
             Began as a Minotaur Berserker on Feb 27, 2018.
             Was a High Priest of Trog.
             Mangled by Prince Ribbit (12 damage)
             ... on level 8 of the Dungeon.
             The game lasted 01:05:00 (8034 turns).

Madao the Fighter (Minotaur Berserker)              Turns: 8034, Time: 01:05:00

Health: -6/102     AC: 16    Str: 26    XL:     10   Next: 72%
Magic:  19/19      EV:  4    Int:  9    God:    Trog [*****.]
Gold:   158        SH: 12    Dex: 11    Spells: 9/9 levels left

rFire    + . .     SeeInvis .   a - +1 hand axe
rCold    + . .     Gourm    .   H - +0 large shield of the Duchess {MR+ Dex+2 Stlth-} (curse)
rNeg     . . .     Faith    .   M - +0 chain mail
rPois    +         Spirit   .   E - +3 hat of Pondering {ponderous, MR+ MP+10 Int+5}
rElec    +         Reflect  .   (no cloak)
rCorr    +         Harm     .   A - +0 pair of gloves
MR       ++...                  (no boots)
Stlth    ..........             L - amulet of inaccuracy (curse)
HPRegen  0.27/turn              m - ring of stealth
MPRegen  0.16/turn              (no ring)

@: resistant, berserk cooldown, slow
A: retaliatory headbutt, horns 2
a: Berserk, Trog's Hand, Brothers in Arms, Burn Spellbooks, Renounce Religion


You were on level 8 of the Dungeon.
You worshipped Trog.
Trog was extremely pleased with you.
You were not hungry.

You visited 1 branch of the dungeon, and saw 9 of its levels.

You collected 543 gold pieces.
You spent 385 gold pieces at shops.

Inventory:

Hand Weapons
 a - a +1 hand axe (weapon)
 u - a +0 flail
 I - a +0 battleaxe
Missiles
 f - 174 stones (quivered)
 j - 38 poisoned needles
 r - 13 needles of confusion
 w - 96 arrows
 R - 25 sling bullets
Armour
 b - a +0 animal skin
 s - a +0 buckler
 A - a +0 pair of gloves (worn)
 E - the +3 hat of Pondering (worn) {ponderous, MR+ MP+10 Int+5}
   (You found it on level 5 of the Dungeon)

   It affects your intelligence (+5).
   It affects your resistance to hostile enchantments.
   It affects your magic capacity (+10).
 H - the cursed +0 large shield of the Duchess (worn) {MR+ Dex+2 Stlth-}
   (You bought it in a shop on level 6 of the Dungeon)

   It affects your dexterity (+2).
   It affects your resistance to hostile enchantments.
   It makes you less stealthy.
   It has a curse placed upon it.
 K - a +2 ring mail of magic resistance
 M - a +0 chain mail (worn)
Jewellery
 m - a ring of stealth (left hand)
 L - a cursed amulet of inaccuracy (around neck)
 Q - an uncursed ring of protection from magic {unknown}
Wands
 B - a wand of digging (16)
 D - a wand of paralysis (5)
 N - a wand of iceblast (10)
Scrolls
 k - 2 scrolls of fog {unknown}
 l - a scroll of identify
 o - 3 scrolls of fear
 q - a scroll of enchant armour
 x - 3 scrolls of amnesia
 y - a scroll of remove curse
 C - 2 scrolls of magic mapping
 G - a scroll of enchant weapon
 J - a scroll of teleportation
 O - a scroll of noise
 P - a scroll of immolation {unknown}
Potions
 d - a potion of haste
 g - a potion of ambrosia
 h - 2 potions of curing
 n - a potion of degeneration {unknown}
 p - 3 potions of flight
 t - 4 potions of lignification {unknown}
 v - 2 potions of brilliance {unknown}
 z - 4 potions of heal wounds {unknown}
 F - 2 potions of magic {unknown}
Books
 e - a book of Changes

   Spells                             Type                      Level
   a - Beastly Appendage              Transmutation                1
   b - Sticks to Snakes               Transmutation                2
   c - Spider Form                    Transmutation/Poison         3
   d - Ice Form                       Ice/Transmutation            4
   e - Blade Hands                    Transmutation                5
   Trog disapproves of the use of such an item.
Comestibles
 c - 8 rations


   Skills:
 * Level 13.7 Fighting
 + Level 10.4 Axes
 + Level 10.1 Armour
 - Level 2.2 Dodging


You had 9 spell levels left.
You didn't know any spells.

Dungeon Overview and Level Annotations

Branches:
Dungeon (9/15)             Temple (0/1) D:7
   Lair: D:8-11         Orc: D:9-12

Altars:
Sif Muna

Shops:
D:4 ?   D:6 }*%   D:8 *:

Annotations:
D:8 1 runed door, Prince Ribbit


Innate Abilities, Weirdness & Mutations

You reflexively headbutt those who attack you in melee.
You have a pair of horns on your head.


Message History

You completely miss Prince Ribbit. You headbutt Prince Ribbit!
Prince Ribbit is heavily wounded.
Prince Ribbit barely misses you. Prince Ribbit hits you.
* * * LOW HITPOINT WARNING * * *
You closely miss Prince Ribbit.
Prince Ribbit is moderately wounded.
You block Prince Ribbit's attack. x2
You slash Prince Ribbit!
Prince Ribbit is severely wounded.
Prince Ribbit blinks!
Prince Ribbit is nearby!
You feel protected.
Prince Ribbit asks, "Just a little smooch?"
You block Prince Ribbit's attack. Prince Ribbit hits you.
* * * LOW HITPOINT WARNING * * *
You slash Prince Ribbit!
Prince Ribbit is almost dead.
You feel yourself speed up. Prince Ribbit hits you!
You die...

# #.#..# .. ##
....## ...##.
.... ......####
#..# ≈........
#.#####..#
......†.#
#........###
#)##
#..####.)†..
##F### #.####
##@.## ##.##
###.#+###
##.#.###
#####....#
#.###..8 #.#
####.###..#.###
# ### #.#
##..#>#..... #
#.# #.#
##...####.#
###.# #.#
###.###.##
.##.#### #.#
#.##.##
#......# #.#
#.###.##


You could see Prince Ribbit.

Vanquished Creatures
  Joseph (D:8)
  Psyche (D:8)
  The ghost of soepske the Skirmisher, an amateur GnAK of Lugonu (D:3)
  A hippogriff (D:8)
  A spriggan (D:7)
  6 yaks (D:8)
  8 humans (D:8)
  Menkaure (D:5)
  A water moccasin (D:6)
  Duvessa (D:5)
  3 orc warriors
  A sky beast (D:9)
  2 phantoms
  6 ogres
  4 centaurs
  Dowan (D:5)
  A water moccasin zombie (D:7)
  A water moccasin skeleton (D:9)
  3 scorpions
  2 crimson imps (D:5)
  2 howler monkeys (D:5)
  A bullfrog zombie (D:6)
  11 hounds
  2 centaur skeletons (D:5)
  5 jellies
  3 orc priests
  7 orc wizards
  4 iguanas
  3 worker ants
  A hound zombie (D:8)
  A hound skeleton (D:5)
  A worker ant zombie (D:5)
  8 gnolls
  6 adders
  2 shadow imps (D:5)
  3 oozes
  An adder zombie (D:5)
  2 adder skeletons
  4 worms
  A dart slug (D:2)
  5 leopard geckos
  20 orcs
  4 bats
  6 giant cockroaches
  6 goblins
  4 hobgoblins
  13 jackals
  3 quokkas
  2 ball pythons
  4 frilled lizards
  7 kobolds
  8 rats
196 creatures vanquished.

Notes
Turn   | Place    | Note
-------+----------+-------------------------------------------
     0 | D:1      | Madao the Minotaur Berserker began the quest for the Orb.
     0 | D:1      | Reached XP level 1. HP: 19/19 MP: 0/0
    47 | D:1      | jop
   279 | D:1      | Reached skill level 4 in Fighting
   311 | D:1      | Reached XP level 2. HP: 20/27 MP: 1/1
   557 | D:1      | You fall through a shaft!
   673 | D:2      | Reached XP level 3. HP: 32/34 MP: 2/2
   909 | D:2      | Reached ** piety under Trog
  1060 | D:2      | Reached XP level 4. HP: 41/41 MP: 3/3
  1297 | D:2      | Reached skill level 5 in Fighting
  2260 | D:3      | Noticed soepske's ghost (amateur GnAK)
  2279 | D:3      | Killed soepske's ghost
  2279 | D:3      | Reached skill level 6 in Fighting
  2279 | D:3      | Reached skill level 5 in Axes
  2279 | D:3      | Reached XP level 5. HP: 28/51 MP: 4/4
  2279 | D:3      | Reached XP level 6. HP: 33/58 MP: 5/5
  3491 | D:4      | Found Nebigh's Magic Scroll Emporium.
  3516 | D:4      | Reached skill level 7 in Fighting
  3534 | D:4      | Bought a scroll of fear for 49 gold pieces
  3610 | D:4      | Reached skill level 5 in Armour
  3610 | D:4      | Reached XP level 7. HP: 41/66 MP: 6/6
  3684 | D:4      | Reached *** piety under Trog
  3845 | D:5      | Entered Level 5 of the Dungeon
  3845 | D:5      | Noticed Menkaure
  3856 | D:5      | Killed Menkaure
  3856 | D:5      | Reached skill level 8 in Fighting
  4272 | D:5      | Reached XP level 8. HP: 57/75 MP: 7/7
  4397 | D:5      | Noticed Duvessa
  4398 | D:5      | Noticed Dowan
  4403 | D:5      | Killed Duvessa
  4403 | D:5      | Reached skill level 9 in Fighting
  4409 | D:5      | Killed Dowan
  4413 | D:5      | Found a deep blue altar of Sif Muna.
  4615 | D:5      | Found the +3 hat of Pondering {ponderous, MR+ MP+10 Int+5}
  4738 | D:6      | Found Xeaxtiy's Assorted Antiques.
  4762 | D:6      | Reached skill level 10 in Fighting
  4951 | D:6      | Bought a polished large shield for 228 gold pieces
  4961 | D:6      | Identified the cursed +0 large shield of the Duchess {MR+ Dex+2 Stlth-} (You bought it in a shop on level 6 of the Dungeon)
  5108 | D:6      | Reached XP level 9. HP: 55/86 MP: 8/8
  5649 | D:6      | Reached **** piety under Trog
  5688 | D:6      | Bought a chain mail for 108 gold pieces
  5788 | D:6      | Found Menioqoo's Gadget Shoppe.
  5988 | D:6      | Found Jegom's Food Boutique.
  6215 | D:7      | Reached skill level 11 in Fighting
  6261 | D:7      | Found a staircase to the Ecumenical Temple.
  6885 | D:8      | Found Rkuhe's Retail Resort.
  6893 | D:8      | Received a gift from Trog
  6916 | D:8      | Reached skill level 12 in Fighting
  6995 | D:8      | Found a runed door.
  7548 | D:8      | Reached XP level 10. HP: 89/99 MP: 9/9
  7730 | D:8      | Found Vuev's Book Boutique.
  7746 | D:8      | Noticed Joseph
  7784 | D:8      | Killed Joseph
  7829 | D:8      | Noticed Prince Ribbit
  7830 | D:8      | Noticed Psyche
  7890 | D:8      | Reached skill level 13 in Fighting
  7931 | D:8      | Reached skill level 10 in Axes
  7950 | D:8      | Reached ***** piety under Trog
  7999 | D:8      | Paralysed by something for 3 turns
  8003 | D:8      | Killed Psyche
  8003 | D:8      | Reached skill level 10 in Armour
  8022 | D:8      | HP: 4/102 [Prince Ribbit (7)]
  8027 | D:8      | HP: 5/102 [Prince Ribbit (5)]
  8034 | D:8      | Mangled by Prince Ribbit

Skill      XL: |  1  2  3  4  5  6  7  8  9 10 |
---------------+-------------------------------+-----
Fighting       | 4 6 7 8 10 12 13 | 13.7
Axes           | 4 5 6 7 9 10 | 10.4
Armour         | 3 4 5 6 7 9 10 | 10.1
Dodging        | |  2.2

Action                   |  1- 3 |  4- 6 |  7- 9 | 10-12 || total
-------------------------+-------+-------+-------+-------++-------
Melee: Hand axe          |    67 |    91 |   448 |   220 ||   826
       Headbutt          |     8 |    18 |    95 |    35 ||   156
Invok: Berserk           |     1 |     1 |     4 |     1 ||     7
       Burn Spellbooks   |       |     1 |       |       ||     1
  Use: Scroll            |     4 |     5 |     3 |       ||    12
       Potion            |       |       |       |     2 ||     2
  Eat: Ration            |     1 |     2 |     5 |     1 ||     9
Armor: Animal skin       |     3 |       |       |       ||     3
       Scale mail        |    31 |    28 |    93 |       ||   152
       Chain mail        |       |       |   120 |    81 ||   201
Dodge: Dodged            |    37 |    37 |   104 |    26 ||   204
Block: Buckler           |       |     7 |    10 |       ||    17
       Large shield      |       |       |   208 |    83 ||   291
